 Dungeon Crawl Stone Soup version 0.22-a0-558-gc224181 (webtiles) character file.

107 inc the Charmwright (level 4, -6/38 HPs)
             Began as a Gnoll Skald on June 27, 2018.
             Mangled by chorionicmirror's ghost (7 damage)
             ... on level 3 of the Dungeon.
             The game lasted 00:04:48 (1843 turns).

inc the Charmwright (Gnoll Skald)                   Turns: 1843, Time: 00:04:48

Health: -6/38      AC:  5    Str: 12 (13) XL:     4   Next: 85%
Magic:  10/11      EV: 14    Int: 13 (16) God:
Gold:   91         SH:  0    Dex: 13 (15) Spells: 8/13 levels left

rFire    . . .     SeeInvis .   a - +0 hand axe
rCold    . . .     Gourm    .   (no shield)
rNeg     . . .     Faith    .   b - +0 leather armour
rPois    .         Spirit   .   f - +0 helmet
rElec    .         Reflect  .   (no cloak)
rCorr    .         Harm     .   o - +0 pair of gloves (curse)
MR       .....                  (no boots)
Stlth    +.........             (no amulet)
HPRegen  0.12/turn              (no ring)
MPRegen  0.12/turn              (no ring)

@: singing
A: distributed training, fangs 1, strong nose
a: no special abilities


You were on level 3 of the Dungeon.
You were not hungry.

You visited 1 branch of the dungeon, and saw 3 of its levels.

You collected 91 gold pieces.

Inventory:

Hand Weapons
 a - a +0 hand axe (weapon)
Armour
 b - a +0 leather armour (worn)
 f - a +0 helmet (worn)
 o - a cursed +0 pair of gloves (worn)
Jewellery
 c - a +4 amulet of reflection {unknown}
Scrolls
 i - a scroll of teleportation {unknown}
 j - a scroll of random uselessness {unknown}
 k - 2 scrolls of identify {unknown}
 n - 3 scrolls of enchant armour {unknown}
 p - 2 scrolls of remove curse {unknown}
Potions
 e - a potion of curing {unknown}
 g - a potion of degeneration
 h - a potion of agility {unknown}
 l - a potion of magic {unknown}
 m - a potion of invisibility {unknown}
 r - a potion of cancellation {unknown}
Comestibles
 d - 8 rations
 q - a chunk of flesh


   Skills:
 + Level 4.7 Fighting
 + Level 1.2 Short Blades
 + Level 1.2 Long Blades
 + Level 4.7 Axes
 + Level 1.2 Maces & Flails
 + Level 1.2 Polearms
 + Level 1.2 Staves
 + Level 1.2 Slings
 + Level 1.2 Bows
 + Level 1.2 Crossbows
 + Level 1.2 Throwing
 + Level 2.8 Armour
 + Level 4.7 Dodging
 + Level 1.2 Stealth
 + Level 1.2 Shields
 + Level 1.2 Unarmed Combat
 + Level 5.1 Spellcasting
 + Level 1.0 Conjurations
 + Level 1.0 Hexes
 + Level 5.5 Charms
 + Level 1.0 Summonings
 + Level 1.0 Necromancy
 + Level 1.0 Translocations
 + Level 1.0 Transmutations
 + Level 1.0 Fire Magic
 + Level 1.0 Ice Magic
 + Level 1.0 Air Magic
 + Level 1.0 Earth Magic
 + Level 1.0 Poison Magic
 + Level 1.3 Invocations
 + Level 1.2 Evocations


You had 8 spell levels left.
You knew the following spells:

 Your Spells              Type           Power        Failure   Level  Hunger
a - Infusion              Chrm           ###.         2%          1    None
b - Shroud of Golubria    Chrm/Tloc      ##........   10%         2    ##.....
c - Song of Slaying       Chrm           ###.....     3%          2    ##.....

Your spell library contained the following spells:

 Spells                   Type           Power        Failure   Level  Hunger
 Regeneration             Chrm/Necr      ##........   19%         3    ###....
 Spectral Weapon          Hex/Chrm       ##......     19%         3    ###....


Dungeon Overview and Level Annotations

Branches:
Dungeon (3/15)

Altars:
Sif Muna

Annotations:
D:3 chorionicmirror's ghost, amateur FoFi


Innate Abilities, Weirdness & Mutations

Your experience applies equally to all skills.
You have very sharp teeth.
Your uncanny sense of smell can sniff out nearby items.


Message History

You kill the giant cockroach!
You hit chorionicmirror's ghost but do no damage.
Your bite misses chorionicmirror's ghost.
You feel sick.
You are no longer poisoned.
Chorionicmirror's ghost hits you.
Okay, then.
You closely miss chorionicmirror's ghost.
Chorionicmirror's ghost hits you!
Some of the chunks of flesh in your inventory have rotted away.
Things that are here:
a club; a hobgoblin corpse
There is an open door here.
Chorionicmirror's ghost hits you!
* * * LOW HITPOINT WARNING * * *
It was a potion of degeneration.
There was something very wrong with that liquid.
You feel weakened.
You feel dopey.
You feel clumsy. Chorionicmirror's ghost hits you!
You die...

#.....# ######## #.....# .
#.....# #......# #.....# .
#.....# #......# #...(.###
#.....# #......# #........
#.....######......# #........
#..(.......#......#######........
#####......#......'..............
#......#......#...#####'#....
#......##>..@.'...'.....+....
#......##.###W#†..#####.#...(
#...)..##..l.......# #.#....
#####......##'###......# #.#....
..........(.....#......# #.#####
......###.......+......... ..
......# #.......#########. .
......# #.......# [ ##
#########.......#


You could see chorionicmirror's ghost.

Vanquished Creatures
  3 adders
  An ooze (D:1)
  A worm (D:3)
  A dart slug (D:1)
  2 leopard geckos (D:2)
  3 orcs
  8 bats
  3 giant cockroaches
  7 goblins
  9 hobgoblins
  5 jackals (D:1)
  A quokka (D:2)
  A ball python (D:2)
  5 frilled lizards
  9 kobolds
  A rat (D:3)
60 creatures vanquished.

Notes
Turn   | Place    | Note
-------+----------+-------------------------------------------
     0 | D:1      | inc the Gnoll Skald began the quest for the Orb.
     0 | D:1      | Reached XP level 1. HP: 20/20 MP: 6/6
    85 | D:1      | Reached XP level 2. HP: 24/26 MP: 5/7
   373 | D:1      | Reached XP level 3. HP: 31/31 MP: 7/9
   514 | D:1      | Reached skill level 5 in Spellcasting
   910 | D:2      | Reached skill level 1 in Invocations
  1000 | D:2      | Reached skill level 1 in Short Blades
  1000 | D:2      | Reached skill level 1 in Long Blades
  1000 | D:2      | Reached skill level 1 in Maces & Flails
  1000 | D:2      | Reached skill level 1 in Polearms
  1000 | D:2      | Reached skill level 1 in Staves
  1000 | D:2      | Reached skill level 1 in Slings
  1000 | D:2      | Reached skill level 1 in Bows
  1000 | D:2      | Reached skill level 1 in Crossbows
  1000 | D:2      | Reached skill level 1 in Throwing
  1000 | D:2      | Reached skill level 1 in Stealth
  1000 | D:2      | Reached skill level 1 in Shields
  1000 | D:2      | Reached skill level 1 in Unarmed Combat
  1000 | D:2      | Reached skill level 1 in Evocations
  1000 | D:2      | Reached XP level 4. HP: 29/38 MP: 4/11
  1229 | D:2      | Found a deep blue altar of Sif Muna.
  1655 | D:3      | Learned a level 2 spell: Shroud of Golubria
  1658 | D:3      | Learned a level 2 spell: Song of Slaying
  1734 | D:3      | Found a runed door.
  1740 | D:3      | Reached skill level 1 in Conjurations
  1740 | D:3      | Reached skill level 1 in Hexes
  1740 | D:3      | Reached skill level 1 in Summonings
  1740 | D:3      | Reached skill level 1 in Necromancy
  1740 | D:3      | Reached skill level 1 in Translocations
  1740 | D:3      | Reached skill level 1 in Transmutations
  1740 | D:3      | Reached skill level 1 in Fire Magic
  1740 | D:3      | Reached skill level 1 in Ice Magic
  1740 | D:3      | Reached skill level 1 in Air Magic
  1740 | D:3      | Reached skill level 1 in Earth Magic
  1740 | D:3      | Reached skill level 1 in Poison Magic
  1749 | D:3      | Noticed chorionicmirror's ghost (amateur FoFi)
  1841 | D:3      | HP: 1/38 [chorionicmirror's ghost (12)]
  1843 | D:3      | Mangled by chorionicmirror's ghost

Vault maps used:
D:1:      dpeg_arrival_refuge
D:2:      first_ration, led_sif_pool
D:3:      wad_pebble_path, ebering_ghost_sewer_f

Skill      XL: |  1  2  3  4 |
---------------+-------------+-----
Spellcasting   | 5 |  5.1
Invocations    | 1 |  1.3
Short Blades   | 1 |  1.2
Long Blades    | 1 |  1.2
Maces & Flails | 1 |  1.2
Polearms       | 1 |  1.2
Staves         | 1 |  1.2
Slings         | 1 |  1.2
Bows           | 1 |  1.2
Crossbows      | 1 |  1.2
Throwing       | 1 |  1.2
Stealth        | 1 |  1.2
Shields        | 1 |  1.2
Unarmed Combat | 1 |  1.2
Evocations     | 1 |  1.2
Conjurations   | 1 |  1.0
Hexes          | 1 |  1.0
Summonings     | 1 |  1.0
Necromancy     | 1 |  1.0
Translocations | 1 |  1.0
Transmutations | 1 |  1.0
Fire Magic     | 1 |  1.0
Ice Magic      | 1 |  1.0
Air Magic      | 1 |  1.0
Earth Magic    | 1 |  1.0
Poison Magic   | 1 |  1.0
Fighting       | |  4.7
Axes           | |  4.7
Armour         | |  2.8
Dodging        | |  4.7
Charms         | |  5.5

Action                   |  1- 3 |  4- 6 || total
-------------------------+-------+-------++-------
Melee: Hand axe          |   103 |    88 ||   191
       Bite              |    11 |    10 ||    21
       Punch             |       |     1 ||     1
 Cast: Infusion          |     3 |     2 ||     5
       Shroud of Golubri |       |     2 ||     2
       Song of Slaying   |       |     2 ||     2
  Use: Potion            |       |     1 ||     1
 Stab: Sleeping          |       |     1 ||     1
  Eat: Chunk             |       |     3 ||     3
Armor: Leather armour    |    39 |    33 ||    72
Dodge: Dodged            |   110 |    54 ||   164

Table legend:
 A = Spawn XP
 B = Non-spawn XP
 C = Spawn XP percentage of total XP
 D = Spawn monster count
 E = Non-spawn monster count
 F = Spawn count percentage of total count
 G = Total turns spent on level
                    A         B        C        D         E        F      G
               +---------+---------+-------+---------+---------+-------+---------
         Total |       0 |     153 |   0.0 |       0 |      60 |   0.0 |  1843
               +---------+---------+-------+---------+---------+-------+---------
           D:1 |       0 |      44 |   0.0 |       0 |      21 |   0.0 |   642
           D:2 |       0 |      67 |   0.0 |       0 |      24 |   0.0 |   959
           D:3 |       0 |      42 |   0.0 |       0 |      15 |   0.0 |   242
               +---------+---------+-------+---------+---------+-------+---------
